 Dungeon Crawl Stone Soup version 0.24.0-125-gc4c63601f3 (webtiles) character file.

Game seed: 7238778138399657571, levelgen mode: deterministic

5749 lop0506 the Covert (level 10, -3/118 HPs)
             Began as a Gnoll Wanderer on Mar 20, 2020.
             Was a Follower of Ashenzari.
             Slain by a two-headed ogre
             ... wielding a +0 giant club
              (6 damage)
             ... on level 9 of the Dungeon.
             The game lasted 02:05:40 (15252 turns).

lop0506 the Covert (Gnoll Wanderer)                Turns: 15252, Time: 02:05:41

Health: -3/118     AC: 32    Str: 18    XL:     10   Next: 77%
Magic:  27/27      EV:  2    Int: 14    God:    Ashenzari [*.....]
Gold:   475        SH:  6    Dex: 17    Spells: 20/20 levels left

rFire    . . .     SeeInvis .   m - +4 dagger (protect) (curse)
rCold    . . .     Gourm    .   z - +0 buckler
rNeg     + + +     Faith    .   (armour currently unavailable)
rPois    +         Spirit   .   (helmet currently unavailable)
rElec    .         Reflect  .   (cloak currently unavailable)
rCorr    .         Harm     .   (gloves currently unavailable)
MR       +....     NoTele   +   (boots currently unavailable)
Stlth    +++++.....             (no amulet)
HPRegen  0.29/turn              s - ring of protection from magic
MPRegen  0.20/turn              a - ring of magical power (curse)

@: tree-form, protection aura
A: distributed training, thin skeletal structure 1, screaming 1, strong nose
a: Curse Item, Scrying, Renounce Religion


You were on level 9 of the Dungeon.
You worshipped Ashenzari.
Ashenzari was aware of your devotion.
You were very hungry.
You were a tree.
You visited 2 branches of the dungeon, and saw 11 of its levels.

You collected 475 gold pieces.

Inventory:

Hand Weapons
 c - a +2 hand axe of flaming
 d - a +0 dagger of venom
 e - a +0 hand axe of chopping
 i - a +0 mace of protection
 l - a +1 dagger of chaos
 m - a cursed +4 dagger of protection (weapon)
 p - a +2 short sword of electrocution
 q - a +2 short sword of flaming
 t - a +0 giant club
 w - a +2 hand axe of flaming
 y - a +4 flail
Armour
 u - a cursed +0 plate armour (melded)
 v - a +0 cloak (melded)
 z - a +0 buckler (worn)
 E - a +0 pair of boots (melded)
Magical Staves
 D - an uncursed staff of summoning
Jewellery
 a - a cursed ring of magical power (right branch)
 b - an uncursed ring of protection from magic
 n - an uncursed ring of positive energy
 s - a ring of protection from magic (left branch)
 F - an uncursed ring of poison resistance
Wands
 g - a wand of iceblast (7)
 h - a wand of acid (6)
Scrolls
 j - a scroll of remove curse
 o - 2 scrolls of magic mapping
 r - a scroll of amnesia {unknown}
 B - 7 scrolls of identify
Potions
 k - a potion of flight
 J - 3 potions of degeneration
 M - a potion of heal wounds {unknown}
 P - 2 potions of cancellation
Comestibles
 f - 8 rations


   Skills:
 + Level 7.2 Fighting
 + Level 5.5 Short Blades
 + Level 5.5 Long Blades
 + Level 5.5 Axes
 + Level 5.5 Maces & Flails
 + Level 5.5 Polearms
 + Level 6.1 Staves
 + Level 5.5 Slings
 + Level 6.1 Bows
 + Level 5.5 Crossbows
 + Level 5.5 Throwing
 + Level 6.1 Armour
 + Level 6.1 Dodging
 + Level 9.6 Stealth
 + Level 5.5 Shields
 + Level 5.5 Unarmed Combat
 + Level 5.5 Spellcasting
 + Level 4.5 Conjurations
 + Level 4.5 Hexes
 + Level 4.5 Charms
 + Level 4.5 Summonings
 + Level 4.5 Necromancy
 + Level 4.5 Translocations
 + Level 4.5 Transmutations
 + Level 4.5 Fire Magic
 + Level 4.5 Ice Magic
 + Level 4.5 Air Magic
 + Level 4.5 Earth Magic
 + Level 4.5 Poison Magic
 + Level 6.0 Invocations
 + Level 5.5 Evocations


You had 20 spell levels left.
You didn't know any spells.
Your spell library contained the following spells:

 Spells                   Type           Power        Failure   Level  Hunger
 Magic Dart               Conj           ###.         2%          1    None
 Blink                    Tloc           N/A          3%          2    ##.....
 Call Imp                 Summ           ###.....     3%          2    ##.....
 Slow                     Hex            ###.....     3%          2    ##.....
 Conjure Flame            Conj/Fire      ###.....     8%          3    ###....
 Mephitic Cloud           Conj/Pois/Air  ###.....     8%          3    ###....


Dungeon Overview and Level Annotations

Branches:
Dungeon (10/15)            Temple (1/1) D:5
   Lair: D:8-11         Orc: D:9-12

Altars:
Ashenzari
Cheibriados
Dithmenos
Elyvilon
Fedhas
Gozag
Hepliaklqana
Kikubaaqudgha
Makhleb
Nemelex Xobeh
Okawaru
Ru
Sif Muna
Trog
Uskayaw
Vehumet
Wu Jian
Xom
Yredelemnul
Zin
The Shining One

Annotations:
D:8 Joseph


Innate Abilities, Weirdness & Mutations

Your experience applies equally to all skills.
((You have very sharp teeth.))
Your uncanny sense of smell can sniff out nearby items.
((You have a pair of small antennae on your head.))
You have a somewhat thin skeletal structure. (Dex +2, Stealth)
You occasionally shout uncontrollably at your foes.


Message History

The two-headed ogre is severely wounded.
The two-headed ogre hits you with a +0 giant club!
* * * LOW HITPOINT WARNING * * *
The two-headed ogre hits you with a +0 dire flail.
* * * LOW HITPOINT WARNING * * *
You hit the two-headed ogre.
The two-headed ogre is severely wounded.
The orc hits you but does no damage.
You hit the two-headed ogre.
The two-headed ogre is severely wounded.
You block the two-headed ogre's attack.
The two-headed ogre hits you with a +0 dire flail.
* * * LOW HITPOINT WARNING * * *
You block the orc's attack.
You hit the two-headed ogre.
The two-headed ogre is almost dead.
You hit the two-headed ogre.
The two-headed ogre is almost dead.
The two-headed ogre hits you with a +0 giant club.
You die...

.......##.#.[.........#####.###.#
..........##.#####.##.## #...##
#####..................#######.<.
#.#.......###.#.............#
#.#.####..# #......########.#
#####.#.####..# ##.##.## #.#
..............# #.##.# #.#
####.#........####.##.# #.#
..###.......cO♣oo...# #.. ###
#........####t.### ###
.........## #..## #####.#.###
#...# #.#.# ##..# #.#.# #o.# #..#
#..# #..#


You could see a two-headed ogre, a crocodile, a centaur and 2 orcs.

Vanquished Creatures
  Pikel (D:7)
  Psyche (D:7)
  Maurice (D:8)
  A troll (D:9)
  Grinder (D:4)
  A wyvern (D:8)
  A hungry ghost (D:7)
  A steam dragon (D:8)
  Menkaure (D:5)
  Duvessa (D:4)
  3 orc warriors
  A black bear (D:8)
  A phantom (D:6)
  6 sky beasts
  6 ogres
  5 centaurs
  A big kobold (D:8)
  A bullfrog (D:6)
  Dowan (D:4)
  A water moccasin zombie (D:8)
  5 scorpions
  3 killer bees (D:8)
  A howler monkey (D:8)
  3 crimson imps
  A quasit (D:9)
  3 hounds
  8 orc priests
  A bullfrog skeleton (D:8)
  A gnoll shaman (D:5)
  2 jellies
  3 orc wizards
  Terence (D:2)
  2 iguanas (D:8)
  7 worker ants
  A hound skeleton (D:6)
  Robin (D:2)
  7 gnolls
  2 howler monkey skeletons
  8 adders
  2 shadow imps
  An adder zombie (D:5)
  2 worms
  3 dart slugs
  2 leopard geckos (D:2)
  31 orcs
  6 bats
  9 giant cockroaches
  11 goblins
  13 hobgoblins
  15 jackals
  3 quokkas
  4 ball pythons
  6 frilled lizards
  15 kobolds
  A quokka zombie (D:6)
  3 rats
223 creatures vanquished.

Vanquished Creatures (others)
  A slave (D:7)
  A jackal (D:5)
2 creatures vanquished.

Grand Total: 225 creatures vanquished

Notes
Turn   | Place    | Note
-------+----------+-------------------------------------------
     0 | D:1      | lop0506 the Gnoll Wanderer began the quest for the Orb.
     0 | D:1      | lop0506 set off with the following items: a +2 dagger, a
                  | scroll of fear, a +0 quarterstaff, a potion of
                  | lignification, a +0 robe, a ration
     0 | D:1      | Reached XP level 1. HP: 20/20 MP: 1/1
   197 | D:1      | Reached XP level 2. HP: 20/26 MP: 2/2
   809 | D:2      | Reached XP level 3. HP: 31/31 MP: 3/3
  1011 | D:2      | Noticed Terence
  1023 | D:2      | Killed Terence
  1023 | D:2      | Reached skill level 1 in Short Blades
  1023 | D:2      | Reached skill level 1 in Long Blades
  1023 | D:2      | Reached skill level 1 in Axes
  1023 | D:2      | Reached skill level 1 in Maces & Flails
  1023 | D:2      | Reached skill level 1 in Polearms
  1023 | D:2      | Reached skill level 1 in Slings
  1023 | D:2      | Reached skill level 1 in Crossbows
  1023 | D:2      | Reached skill level 1 in Throwing
  1023 | D:2      | Reached skill level 1 in Shields
  1023 | D:2      | Reached skill level 1 in Unarmed Combat
  1023 | D:2      | Reached skill level 1 in Spellcasting
  1023 | D:2      | Reached skill level 1 in Invocations
  1023 | D:2      | Reached skill level 1 in Evocations
  1023 | D:2      | Reached XP level 4. HP: 38/38 MP: 5/5
  1321 | D:2      | Found an iron altar of Okawaru.
  1554 | D:2      | Noticed Robin
  1595 | D:2      | Killed Robin
  1595 | D:2      | Reached skill level 1 in Conjurations
  1595 | D:2      | Reached skill level 1 in Hexes
  1595 | D:2      | Reached skill level 1 in Charms
  1595 | D:2      | Reached skill level 1 in Summonings
  1595 | D:2      | Reached skill level 1 in Necromancy
  1595 | D:2      | Reached skill level 1 in Translocations
  1595 | D:2      | Reached skill level 1 in Transmutations
  1595 | D:2      | Reached skill level 1 in Fire Magic
  1595 | D:2      | Reached skill level 1 in Ice Magic
  1595 | D:2      | Reached skill level 1 in Air Magic
  1595 | D:2      | Reached skill level 1 in Earth Magic
  1595 | D:2      | Reached skill level 1 in Poison Magic
  1946 | D:3      | Reached XP level 5. HP: 42/43 MP: 6/6
  3039 | D:4      | Reached skill level 8 in Stealth
  3039 | D:4      | Reached XP level 6. HP: 34/50 MP: 8/8
  3447 | D:4      | Noticed Grinder
  3463 | D:4      | Paralysed by Grinder for 3 turns
  3484 | D:4      | Paralysed by Grinder for 4 turns
  3501 | D:4      | Paralysed by Grinder for 3 turns
  3517 | D:4      | Paralysed by Grinder for 3 turns
  3527 | D:4      | Killed Grinder
  3527 | D:4      | Reached skill level 5 in Fighting
  3527 | D:4      | Reached XP level 7. HP: 10/56 MP: 10/10
  4092 | D:4      | Noticed Dowan
  4208 | D:4      | Killed Dowan
  4226 | D:4      | Gained mutation: You occasionally shout uncontrollably at
                  | your foes. [potion of mutation]
  4226 | D:4      | Gained mutation: You are robust. (+10% HP) [potion of
                  | mutation]
  4226 | D:4      | Gained mutation: You have a pair of small antennae on your
                  | head. [potion of mutation]
  4438 | D:4      | Noticed Duvessa
  4523 | D:4      | Killed Duvessa
  4837 | D:5      | Entered Level 5 of the Dungeon
  5114 | D:5      | Reached XP level 8. HP: 37/69 MP: 12/12
  5732 | D:4      | Found a glowing silver altar of Zin.
  5806 | D:5      | Found a burning altar of Makhleb.
  6144 | D:5      | Lost mutation: You occasionally shout uncontrollably at
                  | your foes. [potion of mutation]
  6144 | D:5      | Lost mutation: You are robust. (+10% HP) [potion of
                  | mutation]
  6144 | D:5      | Lost mutation: You have a pair of small antennae on your
                  | head. [potion of mutation]
  6144 | D:5      | Gained mutation: You occasionally shout uncontrollably at
                  | your foes. [potion of mutation]
  6144 | D:5      | Gained mutation: You have a somewhat thin skeletal
                  | structure. (Dex +2, Stealth) [potion of mutation]
  6144 | D:5      | Gained mutation: You have a pair of small antennae on your
                  | head. [potion of mutation]
  6269 | D:5      | Found a staircase to the Ecumenical Temple.
  6278 | Temple   | Entered the Ecumenical Temple
  6299 | Temple   | Became a worshipper of Ashenzari the Shackled
  6405 | D:5      | Found a shimmering blue altar of Sif Muna.
  6412 | D:5      | Got the uncursed robe of Vuvam {rPois rF+ MR+ Dex+2}
  6913 | D:5      | Noticed Menkaure
  6982 | D:5      | Killed Menkaure
  8033 | D:6      | Reached XP level 9. HP: 53/69 MP: 14/14
  9090 | D:7      | Noticed Pikel
  9120 | D:7      | Killed Pikel
  9120 | D:7      | Reached skill level 5 in Staves
  9120 | D:7      | Reached skill level 5 in Bows
  9120 | D:7      | Reached skill level 5 in Armour
  9120 | D:7      | Reached skill level 5 in Dodging
  9120 | D:7      | Reached skill level 9 in Stealth
  9309 | D:7      | Reached * piety under Ashenzari
  9895 | D:8      | Noticed a two-headed ogre
  9914 | D:8      | Noticed Maurice
 10070 | D:7      | Reached skill level 5 in Invocations
 10199 | D:8      | Reached XP level 10. HP: 64/77 MP: 17/17
 10252 | D:8      | Found a radiant altar of Vehumet.
 10255 | D:8      | Found an ancient bone altar of Kikubaaqudgha.
 11705 | D:8      | Reached skill level 5 in Short Blades
 11705 | D:8      | Reached skill level 5 in Long Blades
 11705 | D:8      | Reached skill level 5 in Axes
 11705 | D:8      | Reached skill level 5 in Maces & Flails
 11705 | D:8      | Reached skill level 5 in Polearms
 11705 | D:8      | Reached skill level 5 in Slings
 11705 | D:8      | Reached skill level 5 in Crossbows
 11705 | D:8      | Reached skill level 5 in Throwing
 11705 | D:8      | Reached skill level 5 in Shields
 11705 | D:8      | Reached skill level 5 in Unarmed Combat
 11705 | D:8      | Reached skill level 5 in Spellcasting
 11705 | D:8      | Reached skill level 5 in Evocations
 11907 | D:8      | Noticed Psyche
 11953 | D:8      | HP: 2/77 [Psyche/puff of frost (8)]
 12020 | D:7      | Killed Psyche
 13293 | D:8      | Killed Maurice
 13345 | D:8      | Found a basalt altar of Yredelemnul.
 13346 | D:8      | Noticed Joseph
 13715 | D:9      | Found an opulent altar of Gozag.
 13818 | D:9      | Noticed a two-headed ogre
 13861 | D:10     | Entered Level 10 of the Dungeon
 15248 | D:9      | HP: 3/118 [two-headed ogre/+0 giant club (6)]
 15252 | D:9      | Slain by a two-headed ogre

Levels and vault maps discovered:
D:1:      giann_wishing_wells, layout_loops_ring
D:2:      layout_loops_cross, lemuel_coloured_pillars_altar, first_ration,
          uniq_terence, uniq_robin
D:3:      layout_loops_corners
D:4:      cheibrodos_old_hovel, layout_rooms, zin_treasury, grunt_ministairs_11,
          st_stairs_11, uniq_grinder, uniq_duvessa
D:5:      layout_loops_ring, lemuel_round_altar, lemuel_temple_firewalk_b,
          basic_altar, minivault_14, lemuel_statue_altar, uniq_menkaure
D:6:      layout_basic
D:7:      layout_loops_corners, uniq_pikel
D:8:      layout_basic, nicolae_overflow_hidden_temple, uniq_maurice,
          uniq_joseph, uniq_psyche
D:9:      layout_loops_ring, grunt_gozag_statues,
          nicolae_qazlal_style_of_elements, lair_entry_dummy, basic_altar
D:10:     layout_roguey, serial_curves, eino_curves_02, eino_curves_01,
          hangedman_stone_soup, minmay_misc_feat_room,
          chequers_serial_rivers_micro_b, kennysheep_just_a_vault, uniq_fannar
Temple:   zaba_magenta_temple

Skill      XL: |  1  2  3  4  5  6  7  8  9 10 |
---------------+-------------------------------+-----
Short Blades   | 1 2 3 4 5 |  5.5
Long Blades    | 1 2 3 4 5 |  5.5
Axes           | 1 2 3 4 5 |  5.5
Maces & Flails | 1 2 3 4 5 |  5.5
Polearms       | 1 2 3 4 5 |  5.5
Slings         | 1 2 3 4 5 |  5.5
Crossbows      | 1 2 3 4 5 |  5.5
Throwing       | 1 2 3 4 5 |  5.5
Shields        | 1 2 3 4 5 |  5.5
Unarmed Combat | 1 2 3 4 5 |  5.5
Spellcasting   | 1 2 3 4 5 |  5.5
Invocations    | 1 2 3 4 5 6 |  6.0
Evocations     | 1 2 3 4 5 |  5.5
Conjurations   | 1 2 3 4 |  4.5
Hexes          | 1 2 3 4 |  4.5
Charms         | 1 2 3 4 |  4.5
Summonings     | 1 2 3 4 |  4.5
Necromancy     | 1 2 3 4 |  4.5
Translocations | 1 2 3 4 |  4.5
Transmutations | 1 2 3 4 |  4.5
Fire Magic     | 1 2 3 4 |  4.5
Ice Magic      | 1 2 3 4 |  4.5
Air Magic      | 1 2 3 4 |  4.5
Earth Magic    | 1 2 3 4 |  4.5
Poison Magic   | 1 2 3 4 |  4.5
Staves         | 3 4 5 6 |  6.1
Bows           | 3 4 5 6 |  6.1
Armour         | 3 4 5 6 |  6.1
Dodging        | 3 4 5 6 |  6.1
Stealth        | 8 9 |  9.6
Fighting       | 5 6 7 |  7.2

Action                   |  1- 3 |  4- 6 |  7- 9 | 10-12 || total
-------------------------+-------+-------+-------+-------++-------
Melee: Quarterstaff      |    25 |       |       |       ||    25
       Bite              |    10 |    51 |   134 |   117 ||   312
       Dagger            |    62 |   391 |   958 |   678 ||  2089
Invok: Curse Item        |       |       |     3 |       ||     3
  Use: Scroll            |       |     3 |     8 |     2 ||    13
       Potion            |       |       |     8 |     6 ||    14
 Stab: Sleeping          |     8 |       |       |       ||     8
  Eat: Chunk             |       |     7 |    12 |     7 ||    26
       Ration            |       |     1 |     5 |     2 ||     8
Armor: Robe              |     1 |       |       |       ||     1
       Ring mail         |    31 |       |       |       ||    31
       Chain mail        |       |   241 |   163 |       ||   404
       Plate armour      |       |       |   187 |   297 ||   484
       Skin              |       |       |       |    72 ||    72
Dodge: Dodged            |    41 |   134 |   247 |   184 ||   606
Block: Buckler           |     6 |    75 |   171 |   149 ||   401
